 Dungeon Crawl Stone Soup version 0.23.2-40-g277498a (webtiles) character file.

Game seed: 15355985282485878105

406 BoppinsLewinski the Chopper (level 6, 0/51 HPs)
             Began as a Centaur Fighter on Sept 13, 2019.
             Slain by Grinder (6 damage)
             ... on level 4 of the Dungeon.
             The game lasted 00:05:00 (2733 turns).

BoppinsLewinski the Chopper (Centaur Fighter)       Turns: 2733, Time: 00:05:00

Health: 0/51       AC:  8    Str: 17 (20) XL:     6   Next: 56%
Magic:  6/6        EV:  4    Int:  9 (12) God:
Gold:   205        SH:  0    Dex:  8 (9)  Spells: 5/5 levels left

rFire    . . .     SeeInvis .   a - +0 war axe
rCold    . . .     Gourm    .   (no shield)
rNeg     . . .     Faith    .   d - +0 chain mail
rPois    .         Spirit   .   n - +0 helmet
rElec    .         Reflect  .   (no cloak)
rCorr    +         Harm     .   (no gloves)
MR       .....                  (no barding)
Stlth    ..........             (no amulet)
HPRegen  0.17/turn              k - ring of resist corrosion
MPRegen  0.10/turn              (no ring)

@: brilliant, flying, very quick
A: large, hooves 3, deformed body, speed 2, tough skin 3
a: no special abilities


You were on level 4 of the Dungeon.
You were not hungry.

You visited 1 branch of the dungeon, and saw 4 of its levels.

You collected 205 gold pieces.

Inventory:

Hand Weapons
 a - a +0 war axe (weapon)
Armour
 d - a +0 chain mail (worn)
 n - a +0 helmet (worn)
Jewellery
 k - a ring of resist corrosion (left hand)
 p - an uncursed amulet of rage {unknown}
Wands
 q - a wand of scattershot (4)
Scrolls
 c - a scroll of enchant weapon {unknown}
 e - 4 scrolls of identify {unknown}
 i - a scroll of fog {unknown}
 j - 2 scrolls of amnesia {unknown}
 m - 2 scrolls of remove curse {unknown}
 s - a scroll of random uselessness {unknown}
Potions
 g - a potion of lignification
 o - a potion of flight
Comestibles
 f - 12 rations


   Skills:
 - Level 3.0 Fighting
 * Level 6.5 Axes
 - Level 2.1 Armour
   Level 2.1 Shields


You had 5 spell levels left.
You didn't know any spells.
Your spell library was empty.

Dungeon Overview and Level Annotations

Branches:
Dungeon (4/15)
 Temple: D:4-7

Altars:
Trog
Vehumet

Annotations:
D:4 Grinder


Innate Abilities, Weirdness & Mutations

You have hooves in place of feet.
Armour fits poorly on your strangely shaped body.
You cover ground very quickly.
You have extremely tough skin. (AC +3)


Message History

* * * LOW HITPOINT WARNING * * *
You are too injured to fight recklessly!
You are too injured to fight recklessly!
You are too injured to fight recklessly!
You slash Grinder! You kick Grinder.
Grinder is heavily wounded.
Grinder barely misses you.
You hit Grinder.
Grinder is severely wounded.
Grinder hits you.
* * * LOW HITPOINT WARNING * * *
You writhe in agony.
* * * LOW HITPOINT WARNING * * *
Grinder hits you but does no damage.
As you read the scroll labeled TIEWAW IPHANO, it crumbles to dust.
You assume a fearsome visage.
Grinder is unaffected.
It was a scroll of fear.
Grinder hits you.
* * * LOW HITPOINT WARNING * * *
You writhe in agony.
You die...

#.......##.....###..........
##.............# #........##
##.....###.....# ##.....#.#
####....<..##.....#
##...##.#
#..........###..### ######.#
#..........#...## #.#
#.........##.### ...
#.........>...######.. ...
#.........###.@5...... ...
#.........# ########..
.......##### ..######


You could see Grinder.

Vanquished Creatures
  An ogre (D:4)
  A scorpion (D:4)
  A bullfrog zombie (D:2)
  A bullfrog skeleton (D:4)
  A hound (D:4)
  A centaur skeleton (D:4)
  An orc wizard (D:4)
  3 adders
  An ooze (D:1)
  2 worms (D:3)
  5 dart slugs
  A leopard gecko (D:4)
  5 orcs
  7 giant cockroaches
  9 hobgoblins
  A jackal (D:3)
  2 quokkas
  2 ball pythons
  8 bats
  6 frilled lizards
  6 goblins
  10 kobolds
  A leopard gecko skeleton (D:4)
  11 rats
87 creatures vanquished.

Notes
Turn   | Place    | Note
-------+----------+-------------------------------------------
     0 | D:1      | BoppinsLewinski the Centaur Fighter began the quest for the
                  | Orb.
     0 | D:1      | Reached XP level 1. HP: 19/19 MP: 1/1
    14 | D:1      | Reached skill level 2 in Axes
   187 | D:1      | Reached XP level 2. HP: 25/26 MP: 2/2
   277 | D:1      | Reached skill level 3 in Axes
   283 | D:1      | Reached XP level 3. HP: 28/31 MP: 3/3
   718 | D:2      | Reached skill level 4 in Axes
   718 | D:2      | Reached XP level 4. HP: 29/38 MP: 4/4
  1509 | D:3      | Found a radiant altar of Vehumet.
  1658 | D:3      | Reached XP level 5. HP: 22/45 MP: 5/5
  2104 | D:4      | Noticed an ogre
  2118 | D:4      | Killed an ogre
  2118 | D:4      | Reached skill level 5 in Axes
  2473 | D:4      | Reached XP level 6. HP: 44/51 MP: 6/6
  2605 | D:4      | Reached skill level 6 in Axes
  2674 | D:4      | Found a bloodstained altar of Trog.
  2717 | D:4      | Noticed Grinder
  2723 | D:4      | Paralysed by Grinder for 7 turns
  2733 | D:4      | Slain by Grinder

Skill      XL: |  1  2  3  4  5  6 |
---------------+-------------------+-----
Axes           | 2 3 4 5 6 |  6.5
Fighting       | |  3.0
Armour         | |  2.1
Shields        | |  2.1

Action                   |  1- 3 |  4- 6 || total
-------------------------+-------+-------++-------
Melee: War axe           |    97 |   123 ||   220
       Kick              |    14 |    27 ||    41
  Use: Potion            |       |     8 ||     8
       Scroll            |       |     1 ||     1
  Eat: Chunk             |       |     5 ||     5
Armor: Scale mail        |    24 |       ||    24
       Chain mail        |    44 |    85 ||   129
       Skin              |       |     1 ||     1
Dodge: Dodged            |    30 |    36 ||    66
Block: Shield            |    12 |       ||    12
